 Dungeon Crawl Stone Soup version 0.17.1-3-g152610e (webtiles) character file.

10567 Peloso the Blocker (level 11, -10/100 HPs)
             Began as a Minotaur Fighter on Apr 17, 2016.
             Was a High Priest of Okawaru.
             Mangled by Frances
             ... wielding a cursed -2 glaive
              (23 damage)
             ... on level 12 of the Dungeon.
             The game lasted 00:25:01 (9688 turns).

Peloso the Blocker (Minotaur Fighter)               Turns: 9688, Time: 00:25:01

Health: -10/100    AC: 24    Str: 21    XL:     11   Next: 37%
Magic:  8/10       EV: 11    Int:  5    God:    Okawaru [*****.]
Gold:   831        SH:  0    Dex: 15    Spells: 0 memorised, 10 levels left

rFire  . . .     SeeInvis .     W - +3 demon blade (elec)
rCold  + . .     Clarity  .     y - +0 plate armour
rNeg   . . .     SustAt   .     c - +0 shield
rPois  .         Gourm    .     (helmet restricted)
rElec  .         Spirit   .     p - +0 cloak
rCorr  .         Warding  .     v - +0 pair of gloves
rMut   .         Stasis   .     o - +0 pair of boots
MR     .....                    q - amulet of faith
Stlth  ..........               V - +2 ring of dexterity
                                D - ring of protection from cold

@: confused, heroism, not resistant to hostile enchantments, extremely
unstealthy
A: retaliatory headbutt, horns 2, yellow scales 1
a: Heroism, Finesse, Renounce Religion


You were on level 12 of the Dungeon.
You worshipped Okawaru.
Okawaru was extremely pleased with you.
You were not hungry.

You visited 2 branches of the dungeon, and saw 13 of its levels.

You collected 831 gold pieces.

Inventory:

Hand Weapons
 a - a +0 long sword
 H - the +3 long sword "Conservator" {speed, MR+ Dex+6}
   (You found it on level 6 of the Dungeon)

   Attacks with this weapon are significantly faster.
   It affects your dexterity (+6).
   It affects your resistance to hostile enchantments.
 W - a +3 demon blade of electrocution (weapon)
Armour
 c - a +0 shield (worn)
 o - a +0 pair of boots (worn)
 p - a +0 cloak (worn)
 v - a +0 pair of gloves (worn)
 y - a +0 plate armour (worn)
Jewellery
 q - an amulet of faith (around neck)
 D - a ring of protection from cold (left hand)
 G - an uncursed amulet of rage
 T - an uncursed amulet of warding {unknown}
 V - a +2 ring of dexterity (right hand)
Wands
 b - a wand of paralysis (5)
 z - a wand of digging (15)
 F - a wand of disintegration (10)
 K - a wand of invisibility (7)
 U - a wand of magic darts (33)
 X - a wand of disintegration (11)
Scrolls
 g - 8 scrolls of teleportation
 h - 3 scrolls of magic mapping
 n - 4 scrolls of remove curse
 r - a scroll of recharging {unknown}
 t - 2 scrolls of enchant weapon {unknown}
 I - a scroll of identify
 L - a scroll of acquirement {unknown}
 M - a scroll of noise {unknown}
 N - 2 scrolls of random uselessness {unknown}
 P - 2 scrolls of enchant armour {unknown}
 Q - a scroll of blinking {unknown}
 R - a scroll of immolation {unknown}
 Y - a scroll of summoning {unknown}
Potions
 d - 5 potions of might
 j - 4 potions of heal wounds
 k - 5 potions of curing
 l - 4 potions of brilliance
 m - a potion of flight
 s - 2 potions of resistance
 x - 2 potions of invisibility
 A - 3 potions of haste
 B - a potion of ambrosia {unknown}
 E - 2 potions of poison {unknown}
 O - a potion of cure mutation {unknown}
Books
 J - an Akashic Record

   Spells                             Type                      Level
   a - Dispersal                      Translocation                6
   b - Malign Gateway                 Summoning/Translocation      7
   c - Disjunction                    Translocation                8
   d - Controlled Blink               Translocation                8
Comestibles
 e - 7 bread rations
 f - 8 meat rations
 i - 11 fruits
 u - 7 chunks of flesh
 w - a slice of pizza
 C - 11 royal jellies
 S - 4 beef jerkies


   Skills:
 + Level 10.2(15.2) Fighting
 + Level 11.4(16.4) Long Blades
 + Level 10.5(15.5) Armour
 + Level 3.7(8.7) Dodging
 + Level 1.0(6.0) Stealth
 + Level 11.7(16.7) Shields


You had 10 spell levels left.
You didn't know any spells.

Dungeon Overview and Level Annotations

Branches:
Dungeon (12/15)            Temple (1/1) D:6            Lair (0/8) D:10
    Orc (0/4) D:9

Altars:
Ashenzari
Cheibriados
Dithmenos
Elyvilon
Fedhas
Gozag
Kikubaaqudgha
Makhleb
Nemelex Xobeh
Okawaru
Qazlal
Ru
Sif Muna
Trog
Vehumet
Xom
Yredelemnul
Zin
The Shining One

Shops:
D:9 *=?

Annotations:
D:12 Frances


Innate Abilities, Weirdness & Mutations

You reflexively headbutt those who attack you in melee.
You have a pair of horns on your head.
You are partially covered in yellow scales (AC +2).


Message History

You slash Frances!
There is a sudden explosion of sparks!
Your headbutt misses Frances.
Frances is heavily wounded.
Frances hits you with an enchanted glaive.
Unknown command.
You gain the combat prowess of a mighty hero.
You feel slightly more hungry.
The hellwing hits you but does no damage.
You block the hellwing's attack. The chaos spawn gores you!
* * * LOW HITPOINT WARNING * * *
Frances hits you but does no damage.
You slice Frances!!
There is a sudden explosion of sparks!
Frances is almost dead.
You block the hellwing's attack. The hellwing hits you.
* * * LOW HITPOINT WARNING * * *
The chaos spawn gores you!
* * * LOW HITPOINT WARNING * * *
You are confused.
Frances hits you from afar with an enchanted glaive!!
You die...

# #....#......#......#
###....#......#.###..#
.......#..#####......#
####'###..#..........#
...)......#..........#
..........#..........#
..........#...4......#
..........#...3......#
..........#...@.@....#
#'#####...#..........#
......#...##.........#
......#..>.#.........#
....#.#....#.....##..#
....#.#....#..?..# ..#
....#.#....#.....# .#
......#....#...... .#
####'#####'#


You could see Frances, a hellwing and a chaos spawn.

Vanquished Creatures
  2 hill giants
  2 ugly things (D:11)
  Joseph (D:7)
  A komodo dragon (D:11)
  A troll (D:11)
  A shadow (D:12)
  8 yaks
  2 deep elf magi (D:12)
  A wyvern (D:9)
  A hippogriff (D:7)
  A mottled dragon (D:11)
  4 soldier ants
  2 ice beasts
  4 centaurs
  2 eyes of draining
  2 phantoms
  4 sky beasts
  A spider (D:12)
  6 ogres
  7 orc warriors
  2 giant frogs
  2 big kobolds
  4 scorpions
  14 killer bees
  2 quasits
  3 crimson imps
  2 giant frog zombies
  A gnoll shaman (D:7)
  16 orc wizards
  4 hounds
  A centaur skeleton (D:11)
  8 orc priests
  An iguana (D:8)
  2 jellies
  A giant frog skeleton (D:11)
  13 worker ants
  A hound zombie (D:8)
  2 hound skeletons
  14 adders
  8 gnolls
  3 shadow imps
  3 adder zombies
  57 orcs
  A ball python (D:4)
  5 bats
  4 goblins
  3 hobgoblins
  7 giant cockroaches
  7 giant geckos
  4 giant newts
  2 jackal skeletons (D:4)
  12 kobolds
  4 quokkas
  A quokka skeleton (D:4)
  6 rats
273 creatures vanquished.

Notes
Turn   | Place    | Note
--------------------------------------------------------------
     0 | D:1      | Peloso the Minotaur Fighter began the quest for the Orb.
     0 | D:1      | Reached XP level 1. HP: 19/19 MP: 0/0
   630 | D:2      | Reached XP level 2. HP: 27/27 MP: 1/1
   639 | D:2      | Found a basalt altar of Yredelemnul.
   675 | D:2      | Reached skill level 1 in Dodging
   742 | D:2      | Found a white marble altar of Elyvilon.
   839 | D:2      | Reached skill level 4 in Shields
   847 | D:2      | Reached XP level 3. HP: 29/33 MP: 2/2
  1051 | D:3      | Found a deep blue altar of Sif Muna.
  1334 | D:3      | Reached XP level 4. HP: 25/40 MP: 3/3
  1349 | D:3      | Found a snail-covered altar of Cheibriados.
  2000 | D:3      | Reached XP level 5. HP: 44/47 MP: 4/4
  2533 | D:4      | Reached skill level 5 in Armour
  2783 | D:4      | Found a bloodstained altar of Trog.
  3046 | D:4      | Reached skill level 5 in Fighting
  3046 | D:4      | Reached skill level 5 in Shields
  3046 | D:4      | Reached XP level 6. HP: 44/56 MP: 5/5
  3366 | D:5      | Entered Level 5 of the Dungeon
  3540 | D:5      | Found a shimmering altar of Xom.
  3589 | D:5      | Reached skill level 6 in Armour
  3592 | D:5      | Reached XP level 7. HP: 47/61 MP: 6/6
  3953 | D:6      | Found a sparkling altar of Nemelex Xobeh.
  3995 | D:6      | Found an opulent altar of Gozag.
  4321 | D:6      | Got a translucent long sword
  4322 | D:6      | Identified the +3 long sword "Conservator" {speed, MR+ Dex+6} (You found it on level 6 of the Dungeon)
  4328 | D:6      | Found a staircase to the Ecumenical Temple.
  4337 | Temple   | Entered the Ecumenical Temple
  4344 | Temple   | Became a worshipper of Warmaster Okawaru
  4421 | D:6      | Reached skill level 5 in Long Blades
  4472 | D:6      | Reached skill level 7 in Shields
  4472 | D:6      | Reached XP level 8. HP: 29/70 MP: 7/7
  4718 | D:6      | Reached * piety under Okawaru
  5240 | D:7      | Noticed Joseph
  5250 | D:7      | Killed Joseph
  5250 | D:7      | Reached ** piety under Okawaru
  5250 | D:7      | Reached skill level 8 in Shields
  5522 | D:7      | Reached XP level 9. HP: 71/78 MP: 8/8
  5741 | D:7      | Found a stormy altar of Qazlal.
  5753 | D:7      | Reached *** piety under Okawaru
  6037 | D:8      | Reached skill level 9 in Shields
  6444 | D:8      | Reached **** piety under Okawaru
  6568 | D:9      | Found an ancient bone altar of Kikubaaqudgha.
  6764 | D:9      | Received a gift from Okawaru
  6764 | D:9      | Reached skill level 10 in Shields
  6770 | D:9      | Found a burning altar of Makhleb.
  6779 | D:9      | Found Meugiac's General Store.
  6827 | D:9      | Found a staircase to the Orcish Mines.
  6870 | D:9      | Found Urhocam's Magic Scroll Boutique.
  6988 | D:9      | Reached XP level 10. HP: 88/88 MP: 9/9
  7134 | D:9      | Found Ceeroh's Antique Weapon Boutique.
  7237 | D:9      | Found a radiant altar of Vehumet.
  7292 | D:9      | Found Borebbed's Jewellery Shoppe.
  7310 | D:10     | Entered Level 10 of the Dungeon
  7525 | D:10     | Reached ***** piety under Okawaru
  7575 | D:10     | Noticed a hill giant
  7584 | D:10     | Killed a hill giant
  7732 | D:10     | Found a staircase to the Lair.
  7772 | D:10     | Reached skill level 1 in Stealth
  7814 | D:10     | Reached skill level 10 in Long Blades
  7816 | D:10     | Received a gift from Okawaru
  8219 | D:11     | Noticed a green ugly thing
  8226 | D:11     | Reached skill level 11 in Shields
  8236 | D:11     | Killed a green ugly thing
  8505 | D:11     | Reached skill level 10 in Armour
  8541 | D:11     | Gained mutation: You are partially covered in yellow scales (AC +2). [potion of beneficial mutation]
  8735 | D:11     | Noticed a green ugly thing
  8748 | D:11     | Killed a green ugly thing
  8748 | D:11     | Reached XP level 11. HP: 97/97 MP: 10/10
  8806 | D:11     | Received a gift from Okawaru
  9488 | D:12     | Reached skill level 10 in Fighting
  9572 | D:12     | Noticed a hill giant
  9583 | D:12     | Killed a hill giant
  9668 | D:12     | Noticed Frances
  9688 | D:12     | Mangled by Frances

Action                   |  1- 3 |  4- 6 |  7- 9 | 10-12 || total
-------------------------+-------+-------+-------+-------++-------
Melee: Long sword        |    83 |   135 |   381 |   254 ||   853
       Demon blade       |       |       |       |   101 ||   101
Invok: Heroism           |       |       |       |     1 ||     1
  Use: Scroll            |       |     5 |     4 |     3 ||    12
       Potion            |       |     1 |       |     1 ||     2
  Eat: Chunk             |     1 |     8 |    11 |     9 ||    29
